 Dungeon Crawl Stone Soup version 0.30-a0-778-g2ef04afb54 (webtiles) character file.

Game seed: 11418755050905095618

49 Pimp the Trooper (level 3, -1/29 HPs)
             Began as a Demonspawn Berserker on Feb 16, 2023.
             Was a Believer of Trog.
             Slain by an adder (2 damage)
             ... on level 2 of the Dungeon.
             The game lasted 00:02:12 (1446 turns).

Pimp the Trooper (Demonspawn Berserker)             Turns: 1446, Time: 00:02:13

Health: -1/29      AC:  3    Str: 19    XL:     3   Next: 51%
Magic:  3/3        EV: 12    Int:  8    God:    Trog [**....]
Gold:   46         SH:  0    Dex: 12    Spells: 2/2 levels left

rFire   . . .      SeeInvis .    a - +0 hand axe
rCold   . . .      Faith    .    (no shield)
rNeg    . . .      Spirit   .    b - +0 animal skin
rPois   .          Reflect  .    (no helmet)
rElec   .          Harm     .    (no cloak)
rCorr   .          Rampage  .    (no gloves)
Will    .....                    (no boots)
Stlth   +                        (no amulet)
HPRegen 0.24/turn                (no ring)
MPRegen 0.08/turn                (no ring)

@: invisible
A: rugged brown scales 1
a: Renounce Religion, Berserk, Trog's Hand


You were on level 2 of the Dungeon.
You worshipped Trog.
Trog was pleased with you.
You visited 1 branch of the dungeon, and saw 2 of its levels.

You collected 46 gold pieces.

Inventory:

Hand Weapons
 a - a +0 hand axe (weapon)
Armour
 b - a +0 animal skin (worn)
Scrolls
 c - a scroll of brand weapon {unknown}
 g - a scroll of fog {unknown}
 i - a scroll of enchant weapon {unknown}
Potions
 d - a potion of invisibility
 e - a potion of flight
 f - a potion of mutation {unknown}


   Skills:
 + Level 3.6 Fighting
 + Level 3.4 Axes
 + Level 1.9 Armour
 + Level 1.9 Dodging
 + Level 0.1 Stealth


You had 2 spell levels left.
You didn't know any spells.
Your spell library was empty.

Dungeon Overview and Level Annotations

Branches:
Dungeon (2/15)

Altars:


Innate Abilities, Weirdness & Mutations

You are partially covered in rugged brown scales. (AC +1, +3% HP)


Message History

You feel sick.
You feel sick. The adder bites you but does no damage.
The adder attacks as you move away! The adder bites you but does no damage.
You feel sick.
You see here a scroll labelled FOX FOOTAEST.
You feel sick.
You are no longer poisoned.
The adder closely misses you.
There is a stone staircase leading down here.
You barely miss the adder.
The adder is heavily wounded.
The adder misses you. The adder bites you.
* * * LOW HITPOINT WARNING * * *
You are poisoned.
The adder poisons you! The adder misses you.
* * * LOW HITPOINT WARNING * * *
You feel sick.
You barely miss the giant cockroach.
* * * LOW HITPOINT WARNING * * *
You feel sick. The giant cockroach barely misses you.
You barely miss the giant cockroach.
* * * LOW HITPOINT WARNING * * *
You feel sick. The giant cockroach closely misses you.
The giant cockroach bites you but does no damage.
It was a potion of invisibility.
You fade into invisibility!
* * * LOW HITPOINT WARNING * * *
You feel sick. The giant cockroach barely misses you.
You hit the adder.
The adder is almost dead.
You completely miss the giant cockroach.
* * * LOW HITPOINT WARNING * * *
You feel sick. The adder closely misses you.
The giant cockroach completely misses you.
* * * LOW HITPOINT WARNING * * *
You feel sick.
You are no longer poisoned.
The adder bites you.
You die...

#...... #...
#...[..## #...
#.......# ####..#
#.......######.....#
#.......#......#..##
#......)#.######.##
#.# #)#.# #.# #.#
#.#.### #.#
###@###.....# ..#
#BS.##.).#.....###
#.#.?..###..####
#>..#### ..# #...##
..# #...## ..# #..##
..< #.. .## ....


You could see an adder (unable to see you) and a giant cockroach (unable to see
you).

Vanquished Creatures
  2 adders (D:2)
  4 ball pythons (D:1)
  5 endoplasms
  2 goblins
  3 hobgoblins
  4 bats
  5 kobolds
  5 rats
30 creatures vanquished.

Notes
Turn   | Place    | Note
-------+----------+-------------------------------------------
     0 | D:1      | Pimp the Demonspawn Berserker began the quest for the Orb.
     0 | D:1      | Reached XP level 1. HP: 18/18 MP: 1/1
   380 | D:1      | Gained mutation: You are partially covered in rugged brown
                  | scales. (AC +1, +3% HP) [demonic ancestry]
   380 | D:1      | Reached XP level 2. HP: 18/24 MP: 2/2
  1126 | D:2      | Reached XP level 3. HP: 18/29 MP: 3/3
  1143 | D:2      | HP: 1/29 [frozen (3)]
  1418 | D:2      | Reached ** piety under Trog
  1446 | D:2      | HP: 1/29 [poisoned by an adder]
  1446 | D:2      | Slain by an adder

Illustrated notes

Levels and vault maps discovered:
D:1:      dpeg_arrival_tiny_b, layout_basic
D:2:      layout_rooms

Skill      XL: |  1 |
---------------+----+-----
Axes           | 3 |  3.4
Fighting       | |  3.6
Armour         | |  1.9
Dodging        | |  1.9
Stealth        | |  0.1

Action                     || total
---------------------------++-------
  Melee: Hand axe          ||    94
         Punch             ||     2
    Use: Potion            ||     4
 Armour: Animal skin       ||    22
  Dodge: Dodged            ||    72

Table legend: (Time is in decaauts)
 A = Elapsed time spent in this place.
 B = Non-inter-level travel time spent in this place.
 C = Inter-level travel time spent in this place.
 D = Time resting spent in this place.
 E = Time spent auto-exploring this place.
 F = Levels seen in this place.
 G = Mean time per level.
                   A        B        C        D        E       F      G
               +--------+--------+--------+--------+--------+-----+--------+
         Total |   1458 |   1409 |     49 |    211 |    935 |   2 |  729.0 |
       Dungeon |   1458 |   1409 |     49 |    211 |    935 |   2 |  729.0 |
               +--------+--------+--------+--------+--------+-----+--------+

Top non-repeatable levels by time:
     D:1: 1117 daAuts
     D:2: 340 daAuts
